AoeStats
← Msp

African Clearing

503888898Analyzed
4v4 RM · 1mo ago on Sep 2, 2026· 41m 16s· 8 players
Game mode
Random Map
Map size
Large (8 player)
Population
200
Speed
Normal
Resources
Standard
Victory
Conquest
Starting age
Dark Age
Ending age
Imperial Age
RankedLock teamsTeams togetherTeam positionsShared explorationLock speedFull tech treeHidden civsTurbo modeCheats
Victory
Defeat
🇩🇪 Japanese · Germany
1703
+8
🇵🇹 Mongols · Portugal
1574
+13
🇦🇺 Portuguese · Australia
1538
+14
🇺🇸 Hindustanis · United States
1445
+19
🇨🇭 Japanese · Switzerland
1547
-15
🇫🇷 Vietnamese · France
1530
-14
🇫🇷 Persians · France
1493
-13
🇫🇷 Lithuanians · France
1452
-11
Soma
6:06 Loom
15:56 Feudal Age
19:51 Castle Age
35:47 Double-Bit Axe
35:52 Horse Collar
37:08 Wheelbarrow
37:04 Bow Saw
38:59 Hand Cart
38:49 Heavy Plow
DoubleZX
9:12 Loom
11:38 Feudal Age
12:08 Double-Bit Axe
13:00 Wheelbarrow
12:12 Town Watch
14:53 Forging
15:21 Scale Barding Armor
18:15 Bloodlines
18:16 Horse Collar
23:59 Castle Age
22:38 Gold Mining
24:00 Light Cavalry
25:01 Chain Barding Armor
28:07 Husbandry
34:48 Iron Casting
34:39 Fletching
35:01 Yasama
35:30 Heavy Plow
36:44 Guard Tower
37:17 Bow Saw
38:30 Gold Shaft Mining
39:01 Hand Cart
42:55 Imperial Age
42:04 Ballistics
41:55 Masonry
41:26 Treadmill Crane
Rabe3000
6:14 Loom
13:58 Feudal Age
15:32 Double-Bit Axe
18:20 Wheelbarrow
21:09 Castle Age
22:25 Bow Saw
22:35 Fletching
25:40 Bodkin Arrow
28:49 Scale Barding Armor
28:55 Forging
32:05 Bloodlines
34:47 Husbandry
34:52 Horse Collar
36:17 Chain Barding Armor
38:45 Hand Cart
42:14 Iron Casting
Santoryu
12:48 Feudal Age
14:40 Loom
17:04 Castle Age
15:39 Double-Bit Axe
18:09 Bow Saw
18:33 Horse Collar
22:36 Wheelbarrow
24:09 Hand Cart
27:45 Stone Mining
27:46 Gold Mining
27:51 Fletching
31:03 Imperial Age
28:46 Bodkin Arrow
29:16 Forging
29:45 Heavy Plow
30:16 Padded Archer Armor
31:10 Leather Archer Armor
31:07 Bloodlines
30:58 Husbandry
31:38 Gold Shaft Mining
31:39 Stone Shaft Mining
31:40 Ballistics
32:06 Thumb Ring
32:17 Bracer
33:18 Chemistry
33:09 Siege Engineers
33:04 Murder Holes
34:22 Parthian Tactics
34:27 Conscription
33:56 Elite Mangudai
35:20 Light Cavalry
37:01 Hussar
37:50 Scale Barding Armor
37:55 Forging
Msp
4:49 Loom
13:26 Feudal Age
17:15 Castle Age
15:26 Double-Bit Axe
18:23 Scale Barding Armor
20:05 Horse Collar
23:08 Bloodlines
24:43 Wheelbarrow
25:40 Gold Mining
26:26 Heavy Plow
26:52 Forging
28:30 Chain Barding Armor
28:49 Gold Shaft Mining
28:37 Stone Mining
30:08 Fletching
31:01 Hand Cart
34:20 Stone Shaft Mining
37:17 Imperial Age
36:36 Husbandry
36:32 Town Watch
38:14 Bodkin Arrow
Yarcla
3:59 Loom
13:50 Feudal Age
19:04 Castle Age
17:51 Double-Bit Axe
24:50 Wheelbarrow
24:51 Scale Barding Armor
28:50 Forging
30:17 Chain Barding Armor
30:26 Bloodlines
31:02 Husbandry
33:36 Iron Casting
33:35 Fletching
36:02 Bow Saw
38:52 Imperial Age
36:38 Hand Cart
39:23 Bodkin Arrow
39:51 Ballistics
39:28 Murder Holes
38:55 Cavalier
40:11 Plate Barding Armor
39:40 Town Watch
40:31 Conscription
40:26 Bracer
42:19 Two-Man Saw
BehCoY
6:59 Loom
12:25 Feudal Age
17:33 Fletching
25:25 Castle Age
28:42 Double-Bit Axe
29:14 Scale Mail Armor
29:57 Town Watch
30:47 Wheelbarrow
30:35 Forging
31:26 Chain Mail Armor
32:11 Horse Collar
33:36 Iron Casting
33:44 Bow Saw
35:18 Squires
35:37 Pikeman
atchoubaka
4:38 Loom
14:11 Feudal Age
15:55 Fletching
16:06 Padded Archer Armor
30:41 Castle Age
30:08 Gold Mining
31:06 Scale Mail Armor
31:17 Forging
31:03 Double-Bit Axe
31:04 Horse Collar
30:55 Crossbowman
32:26 Thumb Ring
33:42 Bodkin Arrow
38:06 Elite Skirmisher
Connection lost

Rejoining the realm…

Still unreachable

The connection could not be restored.

Session expired

The server has moved on; the page needs a fresh start.